Map: 킹스 코브 - 래더

Players

Lambo - Winner!

  • Race: Zerg Zerg
  • League: Grandmaster
  • Spawn Location: 11:00

lllIIIIllll (Creator)

  • Race: Protoss Protoss
  • League: Master
  • Spawn Location: 5:00

Event: HomeStory Cup XIX

VOD

Have the link to the VOD?

Description

Time

  • Played on: June 27, 2019, 7:47 a.m.
  • Length: 11:17

All games in this series

Show
View Real Time Build Order
Export as new Build Order

Lambo Zerg - Winner!

Build Orders: Hatch First 

Get SALT Encoding   

  12  0:00  Drone  
  13  0:13  Overlord  
  13  0:17  Drone  
  14  0:32  Drone x2  
  16  0:49  Hatchery  
  15  0:52  Drone  
  17  0:57  Drone  
  17  0:59  Drone  
  18  1:11  Extractor  
  18  1:15  Spawning Pool  
  17  1:18  Drone  
  17  1:21  Drone  
  18  1:29  Drone  
  19  1:39  Drone  
  20  1:51  Drone  
  21  2:02  Zergling x2, Queen x2  
  21  2:03  Overlord  
  26  2:12  Metabolic Boost  
  26  2:13  Drone  
  27  2:16  Drone  
  29  2:22  Drone  
  29  2:23  Zergling x2  
  30  2:37  Hatchery  
  30  2:41  Drone  
  30  2:44  Drone  
  30  2:49  Drone  
  30  2:50  Overlord  
  33  2:58  Drone  
  33  3:00  Queen  
  35  3:06  Drone  
  35  3:10  Drone x2  
  35  3:12  Drone x2  
  40  3:15  Overlord  
  40  3:18  Zergling x2  
  40  3:19  Zergling x2  
  42  3:29  Drone x2  
  44  3:36  Queen  
  44  3:40  Drone x3  
  49  3:43  Lair  
  49  3:46  Drone x3  
  52  3:52  Roach Warren  
  52  3:53  Drone  
  52  3:57  Drone  
  52  3:58  Drone  
  54  4:05  Extractor  
  54  4:06  Extractor  
  54  4:08  Drone x2  
  54  4:11  Overlord  
  54  4:12  Drone  
  54  4:13  Drone x3  
  54  4:16  Overlord  
  57  4:21  Overlord  
  57  4:25  Overlord  
  57  4:30  Overlord  
  57  4:33  Drone  
  58  4:40  Zergling x8  
  58  4:41  Glial Reconstitution  
  58  4:44  Overseer  
  58  4:45  Roach x3  
  68  4:49  Roach x2  
  71  4:53  Zergling x4, Roach  
  71  4:54  Overlord  
  71  4:58  Overlord  
  74  5:01  Overlord  
  74  5:04  Roach  
  76  5:07  Roach  
  76  5:11  Roach x2  
  82  5:18  Roach x3  
  88  5:28  Roach  
  88  5:29  Roach  
  88  5:32  Overlord  
  88  5:34  Drone x2, Roach x2  
  98  5:40  Drone  
  98  5:41  Drone x2  
  101  5:47  Drone x2  
  101  5:48  Drone  
  103  5:58  Roach x2  
  110  6:04  Roach x3  
  110  6:05  Drone x3  
  110  6:06  Overlord  
  110  6:11  Drone x2  
  109  6:20  Drone x4  
  109  6:24  Drone x4  
  116  6:27  Drone  
  117  6:34  Drone x2  
  117  6:38  Evolution Chamber  
  118  6:42  Drone  
  118  6:43  Drone x2  
  118  6:45  Drone  
  122  6:49  Extractor  
  122  6:51  Extractor  
  121  6:54  Drone, Baneling Nest  
  121  6:55  Hatchery  
  121  6:58  Drone x4  
  121  6:59  Drone x2  
  124  7:18  Overlord  
  122  7:22  Extractor  
  122  7:23  Drone x3, Zerg Melee Weapons Level 1  
  122  7:25  Drone x3  
  122  7:27  Roach  
  129  7:30  Hatchery  
  129  7:31  Overlord  
  129  7:32  Overseer  
  129  7:35  Overlord  
  128  7:39  Overlord  
  128  7:42  Overlord  
  128  7:47  Overlord  
  128  7:52  Overlord  
  128  7:54  Overlord, Roach x4  
  128  7:55  Roach x7  
  150  7:58  Infestation Pit  
  150  8:03  Roach x2  
  153  8:07  Zergling x2, Roach x3  
  160  8:14  Overlord  
  160  8:15  Zergling x2  
  162  8:20  Zergling x2  
  162  8:25  Zergling x10  
  167  8:33  Zergling x8  
  173  8:36  Overseer  
  173  8:37  Zergling x4  
  173  8:38  Ravager x5  
  173  8:39  Ravager  
  182  8:41  Ravager x2  
  182  8:44  Zergling x8  
  182  8:45  Ravager  
  182  8:47  Zergling x6  
  189  8:50  Zergling x6, Ravager  
  189  8:52  Baneling  
  189  8:53  Baneling x19  
  193  8:56  Overseer  
  193  8:57  Zergling x6  
  193  9:02  Baneling x3  
  196  9:04  Overlord  
  196  9:06  Baneling  
  196  9:07  Baneling x3  
  196  9:08  Overlord  
  196  9:24  Zergling x10  
  197  9:27  Zergling x10  
  197  9:28  Centrifical Hooks  
  197  9:29  Hive  
  195  9:34  Zergling x8  
  195  9:38  Roach x7  
  196  9:42  Zergling x4  
  196  9:43  Zergling x4  
  184  9:47  Roach x5  
  194  9:53  Zergling x2  
  194  9:54  Zergling x8  
  194  9:56  Overseer, Pneumatized Carapace  
  190  10:00  Zergling x6  
  190  10:03  Baneling  
  190  10:04  Baneling x4  
  190  10:05  Overlord  
  193  10:12  Overlord  
  193  10:17  Zergling x6  
  193  10:18  Overlord  
  193  10:20  Overlord  
  193  10:21  Zergling x6  
  191  10:26  Baneling x11  
  191  10:28  Overseer  
  190  10:29  Zergling x4  
  190  10:31  Baneling x3  
  190  10:32  Baneling  
  190  10:34  Zergling x4  
  194  10:37  Baneling x5  
  194  10:40  Zergling x6  
  194  10:42  Baneling x4  
  195  10:45  Zergling x4  
  195  10:48  Zergling x6  
  196  10:51  Overseer x2  
  196  10:52  Zergling x2  
  196  10:53  Zergling x2  
  196  10:55  Zergling x4  
  195  11:00  Zergling x8  
Show
View Real Time Build Order
Export as new Build Order

lllIIIIllll Protoss 

Build Orders: 1 Gate Expand, Archon Immortal, Mass Adepts 

Get SALT Encoding   

  12  0:00  Probe  
  13  0:12  Probe  
  14  0:18  Pylon  
  14  0:24  Probe  
  15  0:33  Probe  
  15  0:40  Gateway  
  15  0:41  Probe  
  16  0:47  Assimilator  
  17  0:51  Probe  
  18  1:03  Probe  
  19  1:15  Probe  
  20  1:24  Nexus  
  20  1:35  Cybernetics Core  
  20  1:37  Probe  
  21  1:41  Assimilator  
  21  1:49  Probe  
  21  1:52  Pylon  
  23  2:01  Probe, Adept  
  23  2:13  Probe  
  26  2:17  Warp Gate  
  26  2:25  Probe  
  27  2:31  Stalker, Robotics Facility  
  27  2:35  Probe  
  27  2:36  Probe  
  30  2:43  Probe  
  31  2:44  Probe  
  33  2:51  Probe  
  33  2:52  Probe  
  35  3:03  Probe  
  35  3:04  Probe  
  37  3:07  Gateway  
  37  3:15  Warp Prism  
  37  3:16  Gateway  
  37  3:17  Gateway  
  37  3:19  Probe  
  40  3:30  Probe  
  40  3:31  Adept  
  44  3:34  Probe  
  44  3:38  Pylon  
  44  3:44  Twilight Council  
  44  3:46  Probe  
  44  3:47  Probe  
  46  3:52  Pylon  
  46  4:02  Probe x2  
  48  4:13  Adept x4  
  56  4:22  Probe x2  
  58  4:26  Dark Shrine  
  58  4:27  Pylon  
  58  4:31  Assimilator  
  58  4:34  Assimilator  
  58  4:37  Pylon  
  58  4:42  Adept x2  
  62  4:48  Adept x2  
  66  4:54  Probe x2  
  68  5:13  Probe x2  
  70  5:15  Pylon  
  70  5:28  Pylon  
  70  5:37  Nexus  
  70  5:43  Dark Templar x2  
  70  5:44  Dark Templar x2  
  70  5:46  Immortal  
  70  5:49  Charge  
  82  5:50  Probe  
  82  5:51  Probe  
  82  6:14  Probe x2  
  82  6:15  Immortal  
  78  6:21  Gateway  
  78  6:22  Gateway  
  72  6:26  Sentry, Dark Templar, Probe x2  
  72  6:28  Dark Templar  
  72  6:32  Archon, Gateway  
  80  6:33  Archon, Gateway  
  80  6:35  Sentry x2  
  80  6:36  Sentry  
  80  6:37  Shield Battery  
  80  6:38  Probe  
  80  6:39  Probe  
  88  6:42  Pylon  
  88  6:43  Pylon  
  88  6:45  Immortal  
  88  6:47  Probe  
  88  6:48  Probe  
  88  6:50  Probe  
  91  6:55  Probe  
  91  6:56  Probe  
  97  7:03  Probe  
  97  7:04  Dark Templar  
  97  7:05  Probe, Dark Templar  
  103  7:19  Probe  
  103  7:20  Probe, Archon  
  105  7:24  Assimilator  
  105  7:25  Dark Templar x2, Pylon  
  105  7:27  Assimilator, Zealot x3  
  105  7:29  Archon  
  115  7:30  Probe  
  115  7:32  Probe x2  
  118  7:42  Stargate  
  118  7:47  Probe x3  
  121  7:55  Forge, Immortal  
  125  8:02  Pylon  
  125  8:10  Templar Archives  
  125  8:11  Robotics Facility, Nexus  
  125  8:12  Pylon  
  125  8:13  Zealot  
  127  8:27  Immortal, Phoenix  
  129  8:38  Probe x3  
  129  8:40  Photon Cannon  
  136  8:43  Photon Cannon  
  136  8:44  Photon Cannon  
  136  8:46  Dark Templar  
  136  8:47  Assimilator, Dark Templar  
  140  8:51  Assimilator, Archon  
  140  8:53  Immortal  
  140  8:55  Shield Battery  
  140  8:56  Sentry, Shield Battery, Zealot x2  
  140  9:02  Protoss Ground Weapons Level 1  
  148  9:14  Immortal, Pylon x3  
  148  9:15  Pylon  
  150  9:34  Immortal  
  150  9:37  Zealot x2  
  132  9:42  Zealot x2  
  132  9:43  Immortal  
  132  9:53  Probe x2  
  132  9:58  Probe x2  
  138  10:00  High Templar  
  138  10:01  High Templar x2  
  138  10:02  Zealot x4, High Templar  
  138  10:05  Probe x2, Archon  
  138  10:06  Shield Battery, Archon  
  146  10:23  Dark Templar x2  
  146  10:26  High Templar  
  152  10:30  Probe x4  
  152  10:34  Photon Cannon  
  156  10:36  Shield Battery  
  156  10:37  Sentry  
  156  10:40  Archon  
  158  10:45  High Templar  
  159  10:53  Sentry x2  
  158  10:58  Pylon  
  158  10:59  Pylon  
  140  11:07  Zealot x5  
Tags
 
Add a new tag
Caveats
  • Supply blocks, unpowered buildings, or Contaminate may cause inaccurate times.
  • Supply counts are checked every 10 seconds.